 Dungeon Crawl Stone Soup version 0.30-a0-250-g41c1d76940 (webtiles) character file.

Game seed: 4560455258849816016

466 purpskrrrp the Shooter (level 7, 0/55 HPs)
             Began as a Formicid Hunter on Oct 12, 2022.
             Was an Initiate of Yredelemnul.
             Succumbed to a water moccasin's poison
             ... on level 5 of the Dungeon.
             The game lasted 00:04:54 (3390 turns).

purpskrrrp the Shooter (Formicid Hunter)            Turns: 3390, Time: 00:04:55

Health: 0/55       AC:  3    Str: 15    XL:     7   Next: 30%
Magic:  7/7        EV: 13    Int:  9    God:    Yredelemnul [......]
Gold:   168        SH:  0    Dex: 19    Spells: 6/6 levels left

rFire   . . .      SeeInvis +    a - +0 shortbow
rCold   . . .      Faith    .    (no shield)
rNeg    . . .      Spirit   .    c - +0 leather armour
rPois   .          Reflect  .    (helmet unavailable)
rElec   .          Harm     .    v - scarf {shadows}
rCorr   .          Rampage  .    (no gloves)
Will    .....                    (no boots)
Stlth   +++.......               (no amulet)
HPRegen 0.29/turn                (no ring)
MPRegen 0.10/turn                (no ring)

@: lethally poisoned (0 -> -39)
A: permanent stasis, dig shafts and tunnels, antennae 3, four strong arms
a: Dig, Shaft Self, Renounce Religion, Recall Undead Harvest


You were on level 5 of the Dungeon.
You worshipped Yredelemnul.
Yredelemnul was noncommittal.
You visited 1 branch of the dungeon, and saw 5 of its levels.

You collected 168 gold pieces.

Inventory:

Hand Weapons
 a - a +0 shortbow (weapon)
Armour
 c - a +0 leather armour (worn)
 v - a scarf of shadows (worn)
Jewellery
 i - a +6 ring of intelligence
 k - a +6 ring of intelligence
 o - a ring of protection from cold
 y - a ring of fire
Wands
 s - a wand of mindburst (22)
 u - a wand of flame (17)
Scrolls
 b - 2 scrolls of immolation
 d - 7 scrolls of identify {unknown}
 f - 2 scrolls of noise {unknown}
 g - a scroll of fear {unknown}
 j - 2 scrolls of poison {unknown}
 l - 2 scrolls of blinking {unknown}
 t - 2 scrolls of teleportation {unknown}
 w - a scroll of enchant armour {unknown}
Potions
 e - 2 potions of mutation {unknown}
 h - 3 potions of flight {unknown}
 m - a potion of magic {unknown}
 n - 2 potions of attraction {unknown}
 p - 2 potions of curing {unknown}
 q - a potion of ambrosia {unknown}
 r - a potion of degeneration {unknown}
 x - a potion of heal wounds {unknown}


   Skills:
 + Level 4.3 Fighting
 + Level 5.4 Ranged Weapons
 + Level 3.6 Dodging
 + Level 4.6 Stealth


You had 6 spell levels left.
You didn't know any spells.
Your spell library contained the following spells:

 Spells                   Type           Power      Damage    Failure   Level
 Freeze                   Ice            0%         1d3       45%         1
 Magic Dart               Conj           0%         1d3       45%         1
 Necrotise                Necr           0%         1d4       45%         1
 Slow                     Hex            0%         N/A       45%         1
 Sting                    Tmut/Pois      0%         1d3       45%         1
 Call Imp                 Summ           0%         N/A       58%         2
 Confusing Touch          Hex            0%         N/A       83%         3
 Gell's Gravitas          Tloc           0%         N/A       83%         3
 Lesser Beckoning         Tloc           0%         N/A       83%         3
 Mephitic Cloud           Conj/Pois/Air  0%         N/A       83%         3
 Teleport Other           Tloc           0%         N/A       83%         3
 Vampiric Draining        Necr           0%         2d6       83%         3


Dungeon Overview and Level Annotations

Branches:
Dungeon (5/15)
 Temple: D:4-7

Altars:
Fedhas
Sif Muna
Trog
Vehumet
Yredelemnul
Zin

Shops:
D:1 [=


Innate Abilities, Weirdness & Mutations

You cannot be hasted, slowed, berserked, paralysed or teleported.
You can dig through walls and to a lower floor.
You have a pair of large antennae on your head. (SInv)
Your four strong arms can wield two-handed weapons with a shield.


Message History

You are too injured to fight recklessly!
You are too injured to fight recklessly!
You are too injured to fight recklessly!
You are too injured to fight recklessly!
You are too injured to fight recklessly!
You are too injured to fight recklessly!
You are too injured to fight recklessly!
You are too injured to fight recklessly!
You are too injured to fight recklessly!
You are too injured to fight recklessly!
You are too injured to fight recklessly!
You are too injured to fight recklessly!
You are too injured to fight recklessly!
You are too injured to fight recklessly!
You are too injured to fight recklessly!
You are too injured to fight recklessly!
Unknown command.
Non-targeted abil: Dig
Press: ? - help, Q - select action, (/) - cycle Dir - look around, f - activate Look: a water moccasin (heavily wounded)
You extend your mandibles.
Non-targeted abil: Dig
Press: ? - help, Q - select action, (/) - cycle Dir - look around, f - activate
Okay, then.
Unknown command.
Okay, then.
You retract your mandibles.
You shoot an arrow.
The arrow closely misses the water moccasin.
You feel very sick. The water moccasin bites you.
You are lethally poisoned!
The water moccasin poisons you! The water moccasin bites you.
* * * LOW HITPOINT WARNING * * *
You are more poisoned.
The water moccasin poisons you!
You shoot an arrow.
The arrow hits the water moccasin but does no damage.
The water moccasin is heavily wounded.
You die...
Your body rises from the dead as a mindless zombie.

# ~# ###.##.# ######
~#
#..........<.SS#####
##.......# #@...#
#........# #.####
#.......# #.#
........## ####[#
.......[.####....#
....#.....##.....##
..................#
....<..............#
.......>...........#


You could see a water moccasin and an adder.

Vanquished Creatures
  An ogre (D:3)
  A phantom (D:4)
  A bullfrog (D:5)
  A necrophage (D:4)
  A howler monkey (D:4)
  An iguana (D:4)
  2 adders
  A worm (D:3)
  3 dart slugs
  4 orcs (D:4)
  3 ball pythons
  10 endoplasms
  3 giant cockroaches
  9 goblins
  5 hobgoblins (D:1)
  8 jackals
  8 kobolds
  2 quokkas
  7 bats
  2 frilled lizards
  2 rats (D:1)
75 creatures vanquished.

Vanquished Creatures (others)
  16 fungi (D:5)
16 creatures vanquished.

Grand Total: 91 creatures vanquished

Notes
Turn   | Place    | Note
-------+----------+-------------------------------------------
     0 | D:1      | purpskrrrp the Formicid Hunter began the quest for the Orb.
     0 | D:1      | Reached XP level 1. HP: 16/16 MP: 1/1
    73 | D:1      | Found Qoutor's Armour Emporium.
    76 | D:1      | Reached XP level 2. HP: 23/23 MP: 2/2
   187 | D:1      | Found Emaw's Jewellery Shoppe.
   352 | D:1      | Reached XP level 3. HP: 20/28 MP: 3/3
  1253 | D:2      | Reached XP level 4. HP: 34/34 MP: 4/4
  1679 | D:3      | Noticed an ogre
  1687 | D:3      | Killed an ogre
  1688 | D:3      | Reached XP level 5. HP: 24/41 MP: 5/5
  1924 | D:3      | Found a radiant altar of Vehumet.
  2423 | D:4      | Reached XP level 6. HP: 28/48 MP: 6/6
  2458 | D:4      | Reached skill level 5 in Ranged Weapons
  2540 | D:4      | Found a bloodstained altar of Trog.
  2581 | D:4      | Found a blossoming altar of Fedhas.
  2581 | D:4      | Found a basalt altar of Yredelemnul.
  2584 | D:4      | Found a glowing silver altar of Zin.
  2748 | D:4      | Found a shimmering blue altar of Sif Muna.
  3045 | D:4      | Reached XP level 7. HP: 37/54 MP: 7/7
  3281 | D:4      | Became a worshipper of Yredelemnul the Dark
  3313 | D:4      | Got Sif Muna's Omnibus of Sinister Deeds
  3315 | D:4      | Got Sif Muna's Folio of Contamination
  3317 | D:4      | Got Sif Muna's Catalogue of Graupel
  3339 | D:5      | Entered Level 5 of the Dungeon
  3382 | D:5      | Noticed a water moccasin
  3390 | D:5      | Succumbed to a water moccasin's poison

Illustrated notes

Levels and vault maps discovered:
D:1:      minmay_arrival_stone_box, layout_loops_ring, serial_shops,
          nicolae_shop_trees, nicolae_shop_waterfront, kennysheep_nondescript,
          minivault_19, minmay_pentomino_o4
D:2:      minmay_wonky_spiral, layout_loops_ring, serial_glass, glass_columns_b,
          glass_columns_b
D:3:      layout_basic, vehumet_altar_wand_db, chequers_serial_rivers_room_b,
          minmay_misc_feat_square
D:4:      layout_basic, nicolae_sif_muna_little_library,
          grunt_temple_overflow_open
D:5:      layout_rooms, serial_aquarium, aquarium_bridge_square
          [aquarium_subvault_bridge, aquarium_subvault_wall,
          aquarium_subvault_window, aquarium_subvault_bridge],
          aquarium_bridge_square [aquarium_subvault_balcony,
          aquarium_subvault_bridge, aquarium_subvault_wall,
          aquarium_subvault_bridge], aquarium_window_2, aquarium_window_fake,
          aquarium_window_1, aquarium_window_1, aquarium_view_2f,
          aquarium_view_4

Skill      XL: |  1  2  3  4  5  6 |
---------------+-------------------+-----
Dodging        | 2 3 |  3.6
Stealth        | 2 3 4 |  4.6
Fighting       | 3 4 |  4.3
Ranged Weapons | 5 |  5.4

Action                   |  1- 3 |  4- 6 |  7- 9 || total
-------------------------+-------+-------+-------++-------
 Fire: Shortbow          |   102 |   116 |    17 ||   235
 Abil: Dig               |       |       |     2 ||     2
Armor: Leather armour    |    12 |    10 |     3 ||    25
Dodge: Dodged            |    46 |    34 |     8 ||    88

Table legend: (Time is in decaauts)
 A = Elapsed time spent in this place.
 B = Non-inter-level travel time spent in this place.
 C = Inter-level travel time spent in this place.
 D = Time resting spent in this place.
 E = Time spent auto-exploring this place.
 F = Levels seen in this place.
 G = Mean time per level.
                   A        B        C        D        E       F      G
               +--------+--------+--------+--------+--------+-----+--------+
         Total |   3465 |   3286 |    179 |      0 |   2778 |   5 |  693.0 |
       Dungeon |   3465 |   3286 |    179 |      0 |   2778 |   5 |  693.0 |
               +--------+--------+--------+--------+--------+-----+--------+

Top non-repeatable levels by time:
     D:1: 961 daAuts
     D:4: 960 daAuts
     D:2: 754 daAuts
     D:3: 733 daAuts
     D:5: 55 daAuts
